 Dungeon Crawl Stone Soup version 0.29.0-11-gd7f09526c8 (webtiles) character file.

Game seed: 5980321935139960666

20965 Arcadio the Fighter (level 12, -3/105 HPs)
             Began as a Palentonga Fighter on Sept 5, 2022.
             Was a Priest of the Shining One.
             Killed from afar by an oklob plant (24 damage)
             ... with a splash of acid
             ... on level 3 of the Lair of Beasts.
             The game lasted 00:40:47 (15339 turns).

Arcadio the Fighter (Palentonga Fighter)           Turns: 15339, Time: 00:40:49

Health: -3/105     AC:  0    Str: 25    XL:     12   Next: 50%
Magic:  0/19       EV: 15    Int:  8    God:    the Shining One [***...]
Gold:   1960       SH:  0    Dex: 12    Spells: 11/11 levels left

rFire   . . .      SeeInvis +   (weapon currently unavailable)
rCold   . . .      Faith    .   (shield currently unavailable)
rNeg    + . .      Spirit   +   (body armour currently unavailable)
rPois   .          Reflect  .   (helmet currently unavailable)
rElec   .          Harm     .   (cloak currently unavailable)
rCorr   .          Rampage  .   (gloves currently unavailable)
Will    .....                   (no barding)
Stlth   +.........              d - amulet of guardian spirit
HPRegen 0.27/turn               (ring currently unavailable)
MPRegen 0.16/turn               (ring currently unavailable)

@: pig-form, hasted and slowed, glowing, very quick
A: fast, no casting, small, rugged brown scales 3, see invisible, (deformed
body), (roll 1), (armoured tail), (reflexive curl)
a: Renounce Religion, Divine Shield, Cleansing Flame


You were on level 3 of the Lair of Beasts.
You worshipped the Shining One.
The Shining One was most pleased with you.
You were a filthy swine.
You visited 4 branches of the dungeon, and saw 15 of its levels.
You also visited: Ossuary.

You collected 1960 gold pieces.

Inventory:

Hand Weapons
 o - a +2 flail of protection
 P - a +2 broad axe of holy wrath (melded)
Armour
 c - a +0 buckler (melded)
 p - a +0 helmet (melded)
 E - the +1 pair of gloves of the Storm King (melded) {Fly Regen+ Str+3 Dex+2}
   (You acquired it on level 7 of the Dungeon)

   Str:       It affects your strength (+3).
   Dex:       It affects your dexterity (+2).
   Fly:       It grants you flight.
   Regen:     It increases your rate of health regeneration.
 F - a +0 plate armour (melded)
 G - a +1 barding (melded)
Jewellery
 d - an amulet of guardian spirit (around neck)
 J - a +4 ring of protection (melded)
Wands
 s - a wand of mindburst (16)
 C - a wand of polymorph (2)
 K - a wand of charming (7)
 U - a wand of acid (10)
 V - a wand of flame (9)
Scrolls
 a - a scroll of summoning {unknown}
 f - 3 scrolls of teleportation
 g - 5 scrolls of enchant weapon
 i - a scroll of blinking
 j - 3 scrolls of torment {unknown}
 k - 2 scrolls of silence
 n - a scroll of poison {unknown}
 q - 2 scrolls of fog
 u - a scroll of enchant armour {unknown}
 y - a scroll of noise {unknown}
 z - 2 scrolls of magic mapping {unknown}
 D - a scroll of fear
 H - a scroll of brand weapon {unknown}
 M - a scroll of vulnerability {unknown}
 Q - a scroll of immolation {unknown}
Potions
 b - 2 potions of might
 e - a potion of invisibility {unknown}
 h - a potion of brilliance {unknown}
 l - a potion of cancellation {unknown}
 m - a potion of attraction {unknown}
 r - 2 potions of resistance
 t - a potion of berserk rage {unknown}
 v - 2 potions of curing
 w - 2 potions of magic
 x - a potion of haste
 A - a potion of degeneration {unknown}
 B - a potion of flight {unknown}
 N - a potion of mutation {unknown}
 R - a potion of heal wounds
 S - 3 potions of lignification


   Skills:
 + Level 10.7 Fighting
 + Level 10.5 Axes
 + Level 9.1 Armour
 + Level 4.3 Dodging
 - Level 5.5 Shields
 + Level 9.5 Invocations


You had 11 spell levels left.
You didn't know any spells.
Your spell library contained the following spells:

 Spells                   Type           Power      Damage    Failure   Level
 Foxfire                  Conj/Fire      0%         2x1d4     41%         1
 Magic Dart               Conj           0%         1d3       41%         1
 Sandblast                Erth           0%         2d4       41%         1
 Passwall                 Tmut/Erth      0%         N/A       54%         2
 Searing Ray              Conj           0%         2d4       54%         2
 Conjure Flame            Conj/Fire      0%         6-21      78%         3
 Inner Flame              Hex/Fire       0%         N/A       78%         3
 Stone Arrow              Conj/Erth      0%         3d7       78%         3
 Flame Wave               Conj/Fire      0%         2d4       99%         4
 Fulminant Prism          Conj/Hex       0%         3d6       99%         4


Dungeon Overview and Level Annotations

Branches:
Dungeon (9/15) Zot: 25344  Temple (1/1) D:5 Zot: 5959    Lair (4/5) D:9 Zot: 21922
  Slime (1/5) Lair:4 Zot: 5996 Ossuary (visited)
  Swamp: Lair:2-3    Shoals: Lair:2-3     Snake: Lair:2-3    Spider: Lair:2-3
    Orc: D:9-12

Altars:
Ashenzari
Dithmenos
Elyvilon
Fedhas
Gozag
Hepliaklqana
Kikubaaqudgha
Makhleb
Nemelex Xobeh
Okawaru
Qazlal
Ru
Sif Muna
Trog
Uskayaw
Vehumet
Wu Jian
Xom
Yredelemnul
Zin
The Shining One

Annotations:
Lair:3 exclusion: oklob plant, Kirke
Lair:4 exclusion: oklob plant


Innate Abilities, Weirdness & Mutations

You are a filthy swine.
You move quickly.
Your equipment is almost entirely melded.
You are incapable of wielding weapons or throwing items.
You cannot cast spells.
(You are completely covered in rugged brown scales. (AC +3, +7% HP))
You have supernaturally acute eyesight. (SInv)
((Armour fits poorly on your strangely shaped body.))
((You can roll at nearby foes to attack.))
((You have a long armoured tail.))
((You curl defensively after being hit. (AC +7*)))


Message History

You resist.
The golden flame engulfs the hog!!
The hog is almost dead.
The golden flame engulfs the lindwurm!!
The lindwurm is moderately wounded.
Your transformation is almost over.
The hog bites you.
* * * LOW HITPOINT WARNING * * *
You feel much better. Kirke hits you!!
Kirke casts a spell.
Kirke summons a lindwurm!
You feel yourself speed up. Kirke gestures at you while chanting.
You feel a momentary urge to oink.
Really walk into a travel-excluded area?
Really walk into a travel-excluded area?
You feel less porcine.
Your +2 broad axe of holy wrath unmelds from your body.
Your +0 helmet unmelds from your body.
The +1 pair of gloves of the Storm King {Fly Regen+ Str+3 Dex+2} unmelds from your body.
Your +1 barding unmelds from your body.
Your +0 buckler unmelds from your body.
Your +0 plate armour unmelds from your body.
Your +4 ring of protection unmelds from your body.
Your +2 broad axe of holy wrath softly glows with a divine radiance!
You fly up into the air.
The lindwurm breathes flames at you. The blast of flame hits you!!
* * * LOW HITPOINT WARNING * * *
Kirke gestures at you while chanting.
You turn into a filthy swine.
Your +2 broad axe of holy wrath melds into your body.
Your +0 helmet melds into your body.
The +1 pair of gloves of the Storm King {Fly Regen+ Str+3 Dex+2} melds into your body.
Your +1 barding melds into your body.
Your +0 buckler melds into your body.
Your +0 plate armour melds into your body.
Your +4 ring of protection melds into your body.
Your +2 broad axe of holy wrath stops glowing.
You float gracefully downwards.
The oklob plant spits acid at you. The splash of acid hits you!!
You die...

##...........
##.................
#..................
##.................
#..##..####........
##.##### #.....#
#.# #P####......#
#@###.....#.....#
#.##..@...h.....#
##k###...P.#.....#
#..#kk##.#.#......#
#..h####.P.#.......
##..# .P_P#.......
#........P.........
##.................
#.#.##P##P.###..#.
##### # ###


You could see Kirke (invisible), an oklob plant and 2 lindwurms.

Vanquished Creatures
  3 centaur warriors (D:9)
  A death knight (D:9)
  A tengu warrior (D:9)
  A skeletal warrior (D:9)
  A wizard (D:9)
  A deep elf pyromancer (D:9)
  A cyclops (D:9)
  2 ugly things
  A black mamba (Lair:2)
  A torpor snail (Lair:1)
  Joseph (D:7)
  A freezing wraith (D:9)
  4 cane toads
  A rime drake (Lair:4)
  A komodo dragon (Lair:4)
  Psyche (D:7)
  A tengu conjurer (D:8)
  A polar bear (Lair:3)
  10 blink frogs
  A yak (shapeshifter) (D:9)
  Sigmund (D:2)
  20 yaks
  3 wyverns
  A shadow (D:9)
  3 hogs (Lair:3)
  A basilisk (Lair:4)
  An acid dragon (D:9)
  4 water moccasins
  2 orc warriors
  A black bear (D:6)
  3 ice beasts
  A sky beast (D:7)
  7 wolves
  4 ogres
  6 centaurs
  A phantom (D:5)
  2 kobold brigands
  A scorpion (D:4)
  2 elf zombies (Ossuary)
  14 bullfrogs
  A necrophage (D:6)
  2 gnoll sergeants
  4 wights (D:7)
  An electric eel (Lair:1)
  A gnoll bouda (D:8)
  6 orc priests
  5 hounds
  4 jellies (Lair:4)
  Jessica (D:1)
  8 orc wizards
  Ijyb (D:5)
  6 iguanas
  5 hell rats (Lair:1)
  A hound zombie (Ossuary)
  4 mummies (Ossuary)
  Robin (D:3)
  14 gnolls
  6 adders
  3 white imps
  An ufetubus (D:4)
  3 worms
  An adder zombie (Ossuary)
  3 dart slugs
  46 orcs
  8 ball pythons
  10 endoplasms
  7 giant cockroaches
  12 goblins
  12 hobgoblins
  5 jackals
  2 quokkas
  5 bats
  5 frilled lizards
  A gnoll zombie (Ossuary)
  2 goblin zombies
  2 hobgoblin zombies (Ossuary)
  A jackal zombie (Ossuary)
  21 kobolds
  3 kobold zombies (Ossuary)
  A quokka zombie (D:5)
  7 rats
  A butterfly (Lair:4)
346 creatures vanquished.

Vanquished Creatures (others)
  An orc (D:8)
  13 fungi
  16 plants
30 creatures vanquished.

Grand Total: 376 creatures vanquished

Notes
Turn   | Place    | Note
-------+----------+-------------------------------------------
     0 | D:1      | Arcadio the Palentonga Fighter began the quest for the Orb.
     0 | D:1      | Reached XP level 1. HP: 19/19 MP: 1/1
   114 | D:1      | Reached XP level 2. HP: 25/25 MP: 2/2
   353 | D:1      | Found a faded altar of an unknown god.
   889 | D:2      | Reached XP level 3. HP: 30/31 MP: 3/3
  1276 | D:2      | Noticed Jessica
  1277 | D:2      | Noticed Sigmund
  1293 | D:1      | Reached XP level 4. HP: 35/38 MP: 4/4
  1672 | D:1      | Killed Jessica
  1778 | D:2      | Killed Sigmund
  1779 | D:2      | Reached XP level 5. HP: 37/44 MP: 5/5
  1873 | D:2      | Found a hide-covered altar of Uskayaw.
  2230 | D:3      | Noticed an ice beast
  2235 | D:3      | Killed an ice beast
  2236 | D:3      | Reached XP level 6. HP: 45/52 MP: 6/6
  2705 | D:3      | Found an iron altar of Okawaru.
  2974 | D:3      | Noticed Robin
  2993 | D:3      | Killed Robin
  3705 | D:4      | Gained mutation: You curl defensively after being hit. (AC
                  | +7*) [Palentonga growth]
  3705 | D:4      | Reached XP level 7. HP: 24/58 MP: 7/7
  4061 | D:4      | Found a stormy altar of Qazlal.
  4200 | D:4      | Reached skill level 5 in Fighting
  4535 | D:5      | Entered Level 5 of the Dungeon
  4624 | D:5      | Found a sand-covered staircase.
  4639 | Ossuary  | Entered an ossuary
  5529 | D:5      | Noticed Ijyb
  5542 | D:5      | Killed Ijyb
  5543 | D:5      | Reached skill level 5 in Shields
  5579 | D:5      | Reached skill level 5 in Axes
  5579 | D:5      | Reached XP level 8. HP: 46/67 MP: 8/8
  6226 | D:5      | Found a staircase to the Ecumenical Temple.
  6237 | Temple   | Entered the Ecumenical Temple
  6255 | Temple   | Became a worshipper of the Shining One
  6369 | D:5      | Reached skill level 5 in Armour
  6739 | D:5      | Reached skill level 1 in Invocations
  7598 | D:6      | Reached XP level 9. HP: 53/75 MP: 10/10
  8365 | D:7      | Noticed Joseph
  8587 | D:7      | Killed Joseph
  9284 | D:7      | Reached * piety under the Shining One
  9308 | D:7      | Found a shadowy altar of Dithmenos.
 10214 | D:7      | Identified 2 scrolls of acquirement
 10214 | D:7      | Acquired a +2 broad axe of holy wrath
 10222 | D:7      | Acquired the +1 pair of gloves of the Storm King {Fly
                  | Regen+ Str+3 Dex+2}
 10265 | D:8      | Noticed a brown ugly thing
 10413 | D:8      | Noticed Psyche
 10500 | D:7      | Killed a brown ugly thing
 10657 | D:7      | Killed Psyche
 10658 | D:7      | Reached skill level 5 in Invocations
 10658 | D:7      | Reached XP level 10. HP: 65/85 MP: 13/13
 11383 | D:8      | Found a sparkling altar of Nemelex Xobeh.
 11383 | D:8      | Found a hide-covered altar of Uskayaw.
 11384 | D:8      | Found an ornate altar of the Wu Jian Council.
 11417 | D:8      | Found a radiant altar of Vehumet.
 11679 | D:9      | Noticed a deep elf pyromancer
 11681 | D:9      | Noticed a skeletal warrior
 11736 | D:9      | Noticed a centaur warrior
 12169 | D:9      | Killed a centaur warrior
 12183 | D:9      | Noticed a wizard
 12194 | D:9      | Killed a wizard
 12319 | D:9      | Noticed a cyclops
 12346 | D:9      | Killed a cyclops
 12420 | D:9      | Killed a skeletal warrior
 12420 | D:9      | Reached ** piety under the Shining One
 12459 | D:9      | Noticed a purple ugly thing
 12468 | D:9      | Killed a purple ugly thing
 12469 | D:9      | Reached XP level 11. HP: 95/95 MP: 16/16
 12474 | D:9      | Found a staircase to the Lair.
 12484 | D:9      | Noticed a centaur warrior
 12485 | D:9      | Noticed a death knight
 12499 | D:9      | Killed a deep elf pyromancer
 12666 | D:9      | Killed a centaur warrior
 12713 | D:9      | Noticed a tengu warrior
 12714 | D:9      | Noticed a centaur warrior
 12723 | D:9      | Killed a tengu warrior
 12732 | D:9      | Killed a centaur warrior
 12733 | D:9      | Reached skill level 1 in Dodging
 12992 | D:9      | Killed a death knight
 13285 | Lair:1   | Entered Level 1 of the Lair of Beasts
 13535 | Lair:1   | Reached skill level 10 in Fighting
 13569 | Lair:1   | Noticed an eight-headed hydra
 14111 | Lair:2   | Reached XP level 12. HP: 98/103 MP: 14/18
 14228 | Lair:2   | Reached skill level 10 in Axes
 14624 | Lair:2   | You are sucked into a shaft and drop 2 floors!
 14683 | Lair:4   | Acquired 1275 gold pieces
 14741 | Lair:4   | Reached *** piety under the Shining One
 14763 | Lair:4   | Found a staircase to the Slime Pits.
 14793 | Slime:1  | Entered Level 1 of the Pits of Slime
 15237 | Lair:3   | Found a glowing silver altar of Zin.
 15275 | Lair:3   | Noticed Kirke
 15339 | Lair:3   | Killed from afar by an oklob plant

Illustrated notes

Levels and vault maps discovered:
D:1:      minmay_arrival_wavy_path, layout_rooms,
          hellmonk_ecumenical_altar_heavens_door, grunt_decor_fettered
D:2:      layout_rooms, basic_altar, chequers_serial_rivers_micro_b,
          grunt_ministairs_10, lightli_corner_chamber, uniq_jessica,
          uniq_sigmund
D:3:      layout_loops_corners, mainiacjoe_overflow_tiny_flanked, uniq_robin
D:4:      layout_basic, mainiacjoe_overflow_small_starburst,
          minmay_stone_trees_medium, ebering_dispersal_statue_hall
D:5:      layout_loops_ring, minmay_temple_entry_proselytizer, enter_ossuary_4,
          minmay_diced_spiral, uniq_ijyb
D:6:      layout_basic, grunt_ministairs_14
D:7:      layout_layer_cave, mainiacjoe_overflow_alcove_2,
          dreamdust_mushroom_princess, uniq_joseph
D:8:      layout_rooms, nicolae_overflow_quartered_altars, uniq_psyche
D:9:      minmay_cornered_nines, layout_irregular_city, lair_entry_dummy,
          minivault_28
Temple:   eino_temple_lava
Lair:1:   layout_cellular_growth, grunt_megastairs_1, serial_bayou_shore_a
Lair:2:   layout_cave_shapes, minmay_swamp_entry_eels
Lair:3:   layout_regular_city, spider_nest_entry_rubble, lemuel_oklob_altar,
          uniq_urug, uniq_kirke, uniq_nergalle
Lair:4:   minmay_lair_oklob_chamber, layout_misc_corridors,
          nicolae_slime_entry_slimehenge, lemuel_fruit_tree,
          lemuel_fruit_fields, serial_bayou_shore_b, infiniplex_staircase_pool_2
Slime:1:  layout_caves

Skill      XL: |  1  2  3  4  5  6  7  8  9 10 11 12 |
---------------+-------------------------------------+-----
Shields        | 3 4 5 |  5.5
Armour         | 3 4 5 6 7 8 9 |  9.1
Fighting       | 4 5 6 7 9 10 | 10.7
Axes           | 3 4 5 6 7 8 9 10 | 10.5
Invocations    | 2 5 7 8 9 |  9.5
Dodging        | 3 4 |  4.3

Action                   |  1- 3 |  4- 6 |  7- 9 | 10-12 || total
-------------------------+-------+-------+-------+-------++-------
Melee: War axe           |    75 |   129 |   341 |       ||   545
       Tailslap          |     5 |    11 |    60 |    68 ||   144
       Unarmed           |       |       |     2 |     6 ||     8
       Broad axe         |       |       |    29 |   364 ||   393
Invok: Divine Shield     |       |       |       |     1 ||     1
       Cleansing Flame   |       |       |       |     1 ||     1
 Abil: Rolling Charge    |     5 |     3 |    25 |    28 ||    61
Evoke: Wand              |       |       |       |     3 ||     3
  Use: Scroll            |     1 |       |    11 |     5 ||    17
       Potion            |       |     1 |     1 |     6 ||     8
Armor: Scale mail        |    43 |    48 |   126 |       ||   217
       Plate armour      |       |       |   157 |   402 ||   559
Dodge: Dodged            |    30 |    54 |    93 |    95 ||   272
Block: Buckler           |    18 |    33 |    91 |   120 ||   262
